 Dungeon Crawl Stone Soup version 0.29-a0-841-g116ddc6ace (webtiles) character file.

Game seed: 964293124830881912

95 IdlyInterested the Cudgeller (level 4, -1/34 HPs)
             Began as a Demonspawn Gladiator on July 14, 2022.
             Slain by an orc priest
             ... wielding a +0 mace
              (5 damage)
             ... on level 3 of the Dungeon.
             The game lasted 00:04:52 (2731 turns).

IdlyInterested the Cudgeller (Demonspawn Gladiator) Turns: 2731, Time: 00:04:52

Health: -1/34      AC: 11    Str: 13 (16) XL:     4   Next: 39%
Magic:  4/4        EV:  9    Int:  9 (10) God:
Gold:   126        SH:  0    Dex: 11 (14) Spells: 3/3 levels left

rFire   . . .      SeeInvis .   a - +0 flail
rCold   . . .      Faith    .   (no shield)
rNeg    . . .      Spirit   .   n - +4 scale mail
rPois   +          Reflect  .   (helmet restricted)
rElec   .          Harm     .   m - +0 cloak
rCorr   .          Rampage  .   (no gloves)
Will    .....                   (no boots)
Stlth   ..........              (no amulet)
HPRegen 0.11/turn               l - ring of poison resistance
MPRegen 0.09/turn               (no ring)

@: no status effects
A: horns 1, ignite blood 1, powered by death 1
a: no special abilities


You were on level 3 of the Dungeon.
You visited 1 branch of the dungeon, and saw 3 of its levels.

You collected 126 gold pieces.

Inventory:

Hand Weapons
 a - a +0 flail (weapon)
Missiles
 d - 3 throwing nets
 e - a javelin
 k - 5 poisoned darts (quivered)
Armour
 m - a +0 cloak (worn)
 n - a +4 scale mail (worn)
Jewellery
 l - a ring of poison resistance (left hand)
Scrolls
 f - a scroll of magic mapping
 h - 2 scrolls of fear {unknown}
 j - a scroll of teleportation
 o - a scroll of amnesia
Potions
 c - a potion of curing
 g - 2 potions of attraction
 i - a potion of cancellation


   Skills:
 + Level 2.7 Fighting
 + Level 3.2 Maces & Flails
 - Level 1.7 Throwing
 * Level 2.2 Armour
 - Level 2.6 Dodging
 - Level 1.0 Stealth
 - Level 1.0 Evocations


You had 3 spell levels left.
You didn't know any spells.
Your spell library was empty.

Dungeon Overview and Level Annotations

Branches:
Dungeon (3/15)

Altars:


Innate Abilities, Weirdness & Mutations

You have a pair of small horns on your head.
Your demonic aura sometimes causes spilled blood to erupt in flames.
You regenerate a little health from kills.


Message History

The dart slug bites you but does no damage.
You hit the orc priest.
The orc priest is moderately wounded.
The orc barely misses you. The orc priest hits you with a +0 mace.
The orc hits you but does no damage.
You completely miss the orc priest.
The orc priest is moderately wounded.
The orc hits you with a +0 dagger. The orc priest closely misses you.
The orc hits you but does no damage. The dart slug launches a dart at you.
The slug dart hits you. The orc hits you but does no damage.
The orc barely misses you.
The orc priest hits you but does no damage.
You barely miss the orc priest.
You headbutt the orc priest, but do no damage.
The orc priest is moderately wounded.
The dart slug launches a dart at you. The slug dart misses you.
The slug dart hits the orc.
The orc dies!
The orc hits you but does no damage. The orc priest hits you with a +0 mace.
You hit the orc priest but do no damage.
You headbutt the orc priest.
The orc priest is heavily wounded.
The dart slug barely misses you. The orc priest hits you with a +0 mace.
The orc hits you but does no damage.
Unknown command.
You hit the orc priest. You headbutt the orc priest.
The orc priest is severely wounded.
The orc priest mumbles some strange prayers to Beogh against you.
Beogh smites you!
* * * LOW HITPOINT WARNING * * *
The orc hits you with a +0 dagger.
* * * LOW HITPOINT WARNING * * *
The dart slug bites you.
* * * LOW HITPOINT WARNING * * *
It was a potion of degeneration.
There was something very wrong with that liquid.
You feel weakened.
You feel dopey.
You feel clumsy. The orc barely misses you.
The orc priest hits you with a +0 mace.
You die...

#######.#...
#.....[.#...
#.#####.#...
#########.##...#....
#.........##.##.#...
#.###.###.......#...
#.......####.####...
#.#o#.#.# #.# ####
#.)@wo..# #.# #
#.#o#o#.# #.# #####
#...g....# #.###....
#..#.#.#.# #.......#
#........# #####.#.#
#.......## #.#..
#.##..... #>### #.
#..#..# #.... #####


You could see an orc priest, a dart slug, 3 orcs and a hobgoblin.

Vanquished Creatures
  Terence (D:2)
  2 adders (D:2)
  A dart slug (D:2)
  3 bats
  6 endoplasms
  3 giant cockroaches
  7 goblins
  8 hobgoblins
  2 jackals (D:1)
  2 kobolds (D:2)
  2 quokkas
  3 ball pythons
  3 rats
43 creatures vanquished.

Vanquished Creatures (others)
  An orc (D:3)
1 creature vanquished.

Grand Total: 44 creatures vanquished

Notes
Turn   | Place    | Note
-------+----------+-------------------------------------------
     0 | D:1      | IdlyInterested the Demonspawn Gladiator began the quest for
                  | the Orb.
     0 | D:1      | Reached XP level 1. HP: 16/16 MP: 1/1
   312 | D:1      | Discovered your monstrous ancestry.
   312 | D:1      | Gained mutation: You have a pair of small horns on your
                  | head. [demonic ancestry]
   312 | D:1      | Reached XP level 2. HP: 17/22 MP: 2/2
   623 | D:1      | Reached skill level 1 in Stealth
   650 | D:1      | Reached skill level 1 in Evocations
   759 | D:1      | Reached skill level 1 in Armour
  1562 | D:2      | Gained mutation: Your demonic aura sometimes causes spilled
                  | blood to erupt in flames. [demonic ancestry]
  1562 | D:2      | Reached XP level 3. HP: 27/27 MP: 3/3
  1639 | D:2      | Reached skill level 3 in Maces & Flails
  1926 | D:2      | Noticed Terence
  1927 | D:2      | Found a faded altar of an unknown god.
  1936 | D:2      | Killed Terence
  1937 | D:2      | Gained mutation: You regenerate a little health from kills.
                  | [demonic ancestry]
  1937 | D:2      | Reached XP level 4. HP: 27/34 MP: 4/4
  2731 | D:3      | Slain by an orc priest

Illustrated notes

Levels and vault maps discovered:
D:1:      saegor_arrival_fortress, layout_loops_corners
D:2:      layout_loops_corners, chequers_ecumenical_altar_simple, minivault_4,
          uniq_terence
D:3:      wander_river, layout_loops_cross, serial_glass, glass_columns_c,
          glass_columns_b, glass_columns_a, glass_columns_a

Skill      XL: |  1  2  3 |
---------------+----------+-----
Stealth        | 1 |  1.0
Evocations     | 1 |  1.0
Armour         | 1 2 |  2.2
Maces & Flails | 3 |  3.2
Fighting       | |  2.7
Throwing       | |  1.7
Dodging        | |  2.6

Action                   |  1- 3 |  4- 6 || total
-------------------------+-------+-------++-------
Melee: Flail             |    91 |    38 ||   129
       Headbutt          |    10 |     6 ||    16
  Use: Scroll            |     6 |     3 ||     9
       Potion            |       |     1 ||     1
 Stab: Sleeping          |     1 |       ||     1
Armor: Leather armour    |     6 |       ||     6
       Scale mail        |    33 |    24 ||    57
Dodge: Dodged            |    58 |    32 ||    90

Table legend: (Time is in decaauts)
 A = Elapsed time spent in this place.
 B = Non-inter-level travel time spent in this place.
 C = Inter-level travel time spent in this place.
 D = Time resting spent in this place.
 E = Time spent auto-exploring this place.
 F = Levels seen in this place.
 G = Mean time per level.
                   A        B        C        D        E       F      G
               +--------+--------+--------+--------+--------+-----+--------+
         Total |   2764 |   2712 |     52 |    394 |   1874 |   3 |  921.3 |
       Dungeon |   2764 |   2712 |     52 |    394 |   1874 |   3 |  921.3 |
               +--------+--------+--------+--------+--------+-----+--------+

Top non-repeatable levels by time:
     D:1: 1477 daAuts
     D:2: 1074 daAuts
     D:3: 212 daAuts
